 Dungeon Crawl Stone Soup version 0.18-a0-94-ga8e041d (webtiles) character file.

137 ReteAZ the Sneak (level 5, 0/24 HPs)
             Began as a Spriggan Enchanter on Nov 14, 2015.
             Slain by an iron imp (8 damage)
             ... summoned by Natasha
             ... on level 3 of the Dungeon.
             The game lasted 00:09:51 (2457 turns).

ReteAZ the Sneak (Spriggan Enchanter)               Turns: 2457, Time: 00:09:51

Health: 0/24       AC:  4    Str:  4    XL:     5   Next: 0%
Magic:  2/10       EV: 18    Int: 22    God:
Gold:   89         SH:  0    Dex: 17    Spells: 2 memorised, 6 levels left

rFire  + . .     SeeInvis +     a - +2 dagger
rCold  . . .     Clarity  .     b - +2 robe
rNeg   . . .     SustAt   .     (shield restricted)
rPois  .         Gourm    .     (helmet restricted)
rElec  .         Spirit   .     (no cloak)
rCorr  .         Warding  .     (gloves unavailable)
rMut   .         Stasis   .     (boots unavailable)
MR     .....                    (no amulet)
Stlth  ++++......               s - ring of protection from fire
                                i - +5 ring of intelligence

@: slowed, quick, not resistant to hostile enchantments, stealthy
A: unfitting armour, see invisible, herbivore 3, speed 3, slow metabolism 2,
wild magic 1
a: no special abilities


You were on level 3 of the Dungeon.
You were not hungry.

You visited 1 branch of the dungeon, and saw 3 of its levels.

You collected 89 gold pieces.

Inventory:

Hand Weapons
 a - a +2 dagger (weapon)
Missiles
 u - 3 stones (quivered)
Armour
 b - a +2 robe (worn)
Jewellery
 i - a +5 ring of intelligence (left hand)
 s - a ring of protection from fire (right hand)
Wands
 q - a wand of teleportation (4)
Scrolls
 e - a scroll of recharging
 k - a scroll of remove curse
Books
 c - a book of Maledictions

   Spells                             Type                      Level
   a - Corona                         Hexes                        1
   b - Ensorcelled Hibernation        Hexes/Ice                    2
   c - Confuse                        Hexes                        3
   d - Tukima's Dance                 Hexes                        3
   e - Dazzling Spray                 Conjuration/Hexes            3
Comestibles
 d - 3 bread rations {@e1}
 t - 2 fruits


   Skills:
 + Level 4.0 Short Blades
 - Level 3.0 Dodging
 + Level 6.6 Stealth
 + Level 2.6 Spellcasting
 + Level 3.7 Hexes


You had 6 spell levels left.
You knew the following spells:

 Your Spells              Type           Power        Failure   Level  Hunger
a - Corona                Hex            ####...      9%          1    None
b - Ensorcelled Hibernat  Hex/Ice        ###...       19%         2    ##.....


Dungeon Overview and Level Annotations

Branches:
Dungeon (3/15)

Altars:

Annotations:
D:3 Natasha


Innate Abilities, Weirdness & Mutations

You are tiny and cannot use many weapons and most armour.
You have supernaturally acute eyesight.
You are a herbivore.
You cover ground extremely quickly.
You need consume almost no food.
Your spells are a little harder to cast, but a little more powerful.


Message History

The iron imp shouts, "Begone, thou jarring base-court weakling!"
The iron imp closely misses you.
You hit Natasha but do no damage. Natasha barely misses you.
The iron imp hits you but does no damage.
Casting: Ensorcelled Hibernation
Confirm with . or Enter, or press ? or * to list all spells.
Aiming: Ensorcelled Hibernation
Press: ? - help, Shift-Dir - straight line, f/p - Natasha
Aim: Natasha (chance to defeat MR: 47%) Natasha is unaffected.
Natasha casts a spell at you.
You feel yourself slow down.
Casting: Ensorcelled Hibernation
Confirm with . or Enter, or press ? or * to list all spells.
Aiming: Ensorcelled Hibernation
Press: ? - help, Shift-Dir - straight line, f/p - Natasha
Aim: Natasha (chance to defeat MR: 47%) Natasha is unaffected.
The iron imp closely misses you. Natasha claws you. The iron imp hits you!
You die...

.......# #......#..........#
...#.### #................##
†.##.# #.................#
#.##.# #.....l####.....###
#.##.#### ###.#### #....†<#
........# ##...# #....#.#
#.#....#####..#.# #...##.#
#.##...##....##.######...##.#
#..#.#.#..#.....@........##.#
##.#.#...##...5h.5............
#......#..#............#......
#......................#.......
.......#.##............#.......
..##.###..#[...........#.......
..##.# ##..............#.......
####.# ###....###...........
.###.## #...###........


You could see an iron imp, Natasha and a crimson imp.

Vanquished Creatures
  3 gnolls
  3 adders
  An ooze (D:3)
  4 worms
  5 giant geckos
  3 giant cockroaches
  8 goblins
  8 hobgoblins
  7 jackals
  10 kobolds
  5 bats
  5 giant newts
  4 rats (D:2)
66 creatures vanquished.

Notes
Turn   | Place    | Note
--------------------------------------------------------------
     0 | D:1      | ReteAZ the Spriggan Enchanter began the quest for the Orb.
     0 | D:1      | Reached XP level 1. HP: 9/9 MP: 5/5
   336 | D:1      | Reached XP level 2. HP: 13/13 MP: 4/6
   878 | D:1      | Learned a level 2 spell: Ensorcelled Hibernation
   930 | D:2      | Reached XP level 3. HP: 14/16 MP: 5/8
   975 | D:2      | Reached skill level 5 in Stealth
  1629 | D:2      | Reached XP level 4. HP: 21/21 MP: 4/9
  1687 | D:2      | Reached skill level 6 in Stealth
  2263 | D:3      | Gained mutation: Your spells are a little harder to cast, but a little more powerful. [potion of beneficial mutation]
  2399 | D:3      | Noticed Natasha
  2439 | D:3      | Reached XP level 5. HP: 24/24 MP: 10/10
  2457 | D:3      | Slain by an iron imp

Vault maps used:
D:1:      dpeg_arrival_rooms_c
D:3:      first_bread, uniq_natasha

Action                   |  1- 3 |  4- 6 || total
-------------------------+-------+-------++-------
Melee: Dagger            |   153 |    57 ||   210
Throw: Stone             |       |     1 ||     1
 Cast: Corona            |    15 |     4 ||    19
       Ensorcelled Hiber |     4 |    18 ||    22
  Use: Scroll            |       |     7 ||     7
       Potion            |       |     4 ||     4
 Stab: Sleeping          |    16 |    13 ||    29
  Eat: Fruit             |       |     1 ||     1
